 Dungeon Crawl Stone Soup version 0.30-a0-137-gd8773701ce (webtiles) character file.

Game seed: 7466157102606543473

130 LnG the Sneak (level 5, 0/42 HPs)
             Began as a Kobold Summoner on Sept 23, 2022.
             Slain by an iguana (2 damage)
             ... on level 4 of the Dungeon.
             The game lasted 00:09:05 (3260 turns).

LnG the Sneak (Kobold Summoner)                     Turns: 3260, Time: 00:09:05

Health: 0/42       AC: 22    Str:  6    XL:     5   Next: 36%
Magic:  6/9        EV:  3    Int: 18    God:
Gold:   126        SH:  0    Dex: 15    Spells: 3/9 levels left

rFire   . . .      SeeInvis .    c - +1 dagger (venom)
rCold   . . .      Faith    .    (no shield)
rNeg    . . .      Spirit   .    (body armour currently unavailable)
rPois   +          Reflect  .    (helmet currently unavailable)
rElec   .          Harm     .    (cloak currently unavailable)
rCorr   +          Rampage  .    (gloves currently unavailable)
Will    .....      NoTele   +    (boots currently unavailable)
Stlth   ++++......               (no amulet)
HPRegen 0.14/turn                f - +4 ring of evasion
MPRegen 0.11/turn                r - ring of resist corrosion

@: mighty, tree-form
A: stationary, stasis, torment immunity, boosted hp, small, no large weapons,
nightstalker 3
a: no special abilities


You were on level 4 of the Dungeon.
You were a tree.
You visited 1 branch of the dungeon, and saw 4 of its levels.

You collected 126 gold pieces.

Inventory:

Hand Weapons
 c - a +1 dagger of venom (weapon)
Armour
 g - a +1 robe (melded)
 o - a +0 helmet (melded)
Jewellery
 f - a +4 ring of evasion (left branch)
 r - a ring of resist corrosion (right branch)
Scrolls
 e - 3 scrolls of teleportation {unknown}
 h - a scroll of fear {unknown}
 i - a scroll of identify {unknown}
 k - a scroll of enchant armour {unknown}
 l - 2 scrolls of butterflies {unknown}
 m - a scroll of noise {unknown}
 n - 2 scrolls of blinking {unknown}
 q - 2 scrolls of torment {unknown}
 s - 2 scrolls of magic mapping {unknown}
Potions
 a - a potion of might
 b - a potion of magic
 d - 2 potions of lignification
 j - a potion of degeneration {unknown}
 p - a potion of heal wounds {unknown}
 t - a potion of attraction {unknown}


   Skills:
 + Level 0.2 Fighting
 + Level 1.9 Short Blades
 + Level 2.7 Dodging
 + Level 4.9 Stealth
 + Level 2.9 Spellcasting
 + Level 4.6 Summonings


You had 3 spell levels left.
You knew the following spells:

 Your Spells              Type           Power      Damage    Failure   Level
a - Summon Small Mammal   Summ           76%        N/A       2%          1
b - Call Imp              Summ           19%        N/A       3%          2
c - Call Canine Familiar  Summ           19%        N/A       7%          3

Your spell library contained the following spells:

 Spells                   Type           Power      Damage    Failure   Level
 Summon Guardian Golem    Hex/Summ       11%        N/A       19%         3
 Ensorcelled Hibernation  Hex/Ice        4%         N/A       26%         2
 Inner Flame              Hex/Fire       2%         N/A       45%         3
 Portal Projectile        Hex/Tloc       4%         N/A       45%         3
 Summon Lightning Spire   Summ/Air       11%        N/A       54%         4


Dungeon Overview and Level Annotations

Branches:
Dungeon (4/15)
 Temple: D:4-7

Altars:

Shops:
D:1 (


Innate Abilities, Weirdness & Mutations

You are a tree.
Your roots penetrate the ground, keeping you stationary.
You cannot be teleported.
You are immune to unholy pain and torment.
Your maximum health is greatly increased.
Your equipment is partially melded.
You are small and have problems with some larger weapons.
You are completely attuned to the shadows.


Message History

Done exploring.
What are your orders? t - Shout!
Orders for allies: a - Attack new target. r - Retreat! s - Stop attacking. g - Guard the area. f - Follow me.
Anything else - Cancel.
Retreat in which direction?
Press: ? - help, Dir - move target Fall back!
There is a stone staircase leading down here.
You climb downwards.
There is a stone staircase leading up here.
Found 10 gold pieces.
An iguana comes into view.
The iguana hisses angrily.
Casting: Call Canine Familiar (quite dangerous; 7% risk of failure)
Confirm with . or Enter, or press ? or * to list all spells.
The spell is quite dangerous to miscast (7% risk of failure)!
Continue anyway?
The iguana bites you!
A phantom comes into view.
You barely miss the iguana.
Your hound bites the iguana.
You completely miss the iguana.
The iguana is moderately wounded.
The iguana bites you.
Your hound bites the iguana.
You hit the iguana but do no damage.
The iguana is poisoned.
The iguana is heavily wounded.
Your hound closely misses the iguana.
The iguana bites you!
* * * LOW HITPOINT WARNING * * *
Your hound bites the iguana but does no damage.
It was a potion of lignification.
You turn into a tree.
Your +0 helmet melds into your body.
Your +1 robe melds into your body.
Your roots penetrate the ground.
The iguana bites you but does no damage.
Your hound bites the iguana.
It was a potion of might.
You feel very mighty all of a sudden.
Your hound bites the iguana but does no damage.
The iguana bites you.
You die...

#.#..# ...
..#..#####...
##..........
#...PPPP..♣♣♣♣ .
#...............
#.#<#..#..###h..
###..#...♣lW..
#..#.$###...
#..#..# .. #...
. #...


You could see a phantom, an iguana (very poisoned, ally target) and a friendly
hound (summoned).

Vanquished Creatures
  Jessica (D:2)
  4 adders
  2 dart slugs (D:2)
  2 endoplasms (D:1)
  2 giant cockroaches
  6 goblins
  3 hobgoblins
  2 jackals (D:2)
  4 ball pythons
  7 bats
  A frilled lizard (D:1)
  4 kobolds
  7 rats
45 creatures vanquished.

Vanquished Creatures (collateral kills)
  2 worms
  A dart slug (D:2)
  An orc (D:3)
  3 endoplasms
  A giant cockroach (D:3)
  A hobgoblin (D:1)
  A ball python (D:1)
  2 bats (D:1)
  2 frilled lizards
  A rat (D:1)
15 creatures vanquished.

Vanquished Creatures (others)
  A plant (D:1)
1 creature vanquished.

Grand Total: 61 creatures vanquished

Notes
Turn   | Place    | Note
-------+----------+-------------------------------------------
     0 | D:1      | LnG the Kobold Summoner began the quest for the Orb.
     0 | D:1      | Reached XP level 1. HP: 10/10 MP: 3/3
    37 | D:1      | Found Ilierah's Antique Weapon Shoppe.
   357 | D:1      | Reached XP level 2. HP: 15/15 MP: 1/5
   472 | D:1      | Learned a level 2 spell: Call Imp
   907 | D:1      | Reached XP level 3. HP: 19/19 MP: 3/6
   950 | D:1      | Found a faded altar of an unknown god.
  1268 | D:2      | Noticed Jessica
  1343 | D:2      | Killed Jessica
  1344 | D:2      | Reached skill level 1 in Short Blades
  1344 | D:2      | Reached XP level 4. HP: 2/24 MP: 4/8
  1660 | D:2      | Learned a level 3 spell: Call Canine Familiar
  2033 | D:2      | Reached XP level 5. HP: 24/28 MP: 2/9
  2606 | D:3      | Got the Lectures on Enchantment
  3255 | D:4      | Noticed a phantom
  3258 | D:4      | HP: 1/28 [iguana (11)]
  3260 | D:4      | Slain by an iguana

Illustrated notes

Levels and vault maps discovered:
D:1:      nzn_arrival_crosshair, layout_rooms,
          shapermc_ecumenical_altar_mp_urbaneastern, serial_shops, shop,
          minmay_misc_feat_tower
D:2:      layout_basic, nicolae_figureground_pulse, uniq_jessica
D:3:      layout_basic, minmay_puff
D:4:      layout_basic, mainiacjoe_overflow_boulevard,
          mainiacjoe_overflow_small_starburst, mainiacjoe_overflow_brackets,
          nrook_uturn, nicolae_shop_overcharged_wands

Skill      XL: |  1  2  3  4 |
---------------+-------------+-----
Stealth        | 3 4 |  4.9
Short Blades   | 1 |  1.9
Fighting       | |  0.2
Dodging        | |  2.7
Spellcasting   | |  2.9
Summonings     | |  4.6

Action                   |  1- 3 |  4- 6 || total
-------------------------+-------+-------++-------
Melee: Dagger            |    40 |    36 ||    76
       Punch             |     1 |       ||     1
 Cast: Summon Small Mamm |    15 |       ||    15
       Call Imp          |     1 |     1 ||     2
       Call Canine Famil |       |     6 ||     6
  Use: Potion            |       |     2 ||     2
 Stab: Sleeping          |    15 |    19 ||    34
       Distracted        |       |     1 ||     1
Armor: Robe              |     7 |     2 ||     9
       Skin              |       |     1 ||     1
Dodge: Dodged            |    42 |    17 ||    59

Table legend: (Time is in decaauts)
 A = Elapsed time spent in this place.
 B = Non-inter-level travel time spent in this place.
 C = Inter-level travel time spent in this place.
 D = Time resting spent in this place.
 E = Time spent auto-exploring this place.
 F = Levels seen in this place.
 G = Mean time per level.
                   A        B        C        D        E       F      G
               +--------+--------+--------+--------+--------+-----+--------+
         Total |   3259 |   3193 |     66 |    590 |   2117 |   4 |  814.8 |
       Dungeon |   3259 |   3193 |     66 |    590 |   2117 |   4 |  814.8 |
               +--------+--------+--------+--------+--------+-----+--------+

Top non-repeatable levels by time:
     D:2: 1244 daAuts
     D:1: 1112 daAuts
     D:3: 888 daAuts
     D:4: 14 daAuts
